 Dungeon Crawl Stone Soup version 0.18-a0-455-gc7d4c65 (webtiles) character file.

1857 4thArraOfDagon the Martial Artist (level 8, -2/60 HPs)
             Began as a Mummy Monk on Dec 1, 2015.
             Was a Believer of Cheibriados.
             Slain by an orc wizard
             ... wielding a +0 dagger
              (6 damage)
             ... on level 7 of the Dungeon.
             The game lasted 00:19:28 (3132 turns).

4thArraOfDagon the Martial Artist (Mummy Monk)      Turns: 3132, Time: 00:19:28

Health: -2/60      AC:  7    Str: 20    XL:     8   Next: 89%
Magic:  9/9        EV: 17    Int: 16    God:    Cheibriados [**....]
Gold:   326        SH:  0    Dex: 22    Spells: 0 memorised, 7 levels left

rFire  . . .     SeeInvis .       - Unarmed
rCold  . . .     Clarity  .     a - +1 robe
rNeg   + + +     SustAt   .     (no shield)
rPois  ∞         Gourm    .     (no helmet)
rElec  .         Spirit   .     l - +1 cloak
rCorr  .         Dsmss    .     (no gloves)
rMut   .         Stasis   .     (no boots)
MR     +....                    (no amulet)
Stlth  ++........               x - ring of fire
                                c - +2 ring of protection

@: very slow, somewhat resistant to hostile enchantments, unstealthy
A: no food or potions, fire vulnerability, cold resistance 1, negative energy
resistance 3, torment resistance, unbreathing
a: Bend Time, Renounce Religion


You were on level 7 of the Dungeon.
You worshipped Cheibriados.
Cheibriados was pleased with you.
You were not hungry.

You visited 2 branches of the dungeon, and saw 12 of its levels.

You collected 326 gold pieces.

Inventory:

Hand Weapons
 e - a +0 blowgun
Missiles
 b - 33 stones (quivered)
 f - 7 poisoned needles
 w - 7 curare-tipped needles
Armour
 a - a +1 robe (worn)
 l - a +1 cloak (worn)
 u - the +2 leather armour of Virtue {Str+4 Dex+3}
   (You found it on level 9 of the Dungeon)

   It affects your strength (+4).
   It affects your dexterity (+3).
Magical Staves
 m - a cursed staff of poison {unknown}
Jewellery
 c - a +2 ring of protection (left hand)
 k - an uncursed ring of magical power
 x - a ring of fire (right hand)
Wands
 d - a wand of confusion (20)
 g - a wand of teleportation (3)
 h - a wand of polymorph (9)
 i - a wand of confusion (16)
 j - a wand of magic darts (16)
 p - a wand of flame (27)
 q - a wand of slowing (16)
 r - a wand of confusion (23)
 t - a wand of paralysis (1)
Scrolls
 o - a scroll of identify
 v - 2 scrolls of immolation
Books
 s - a book of Minor Magic

   Spells                             Type                      Level
   a - Magic Dart                     Conjuration                  1
   b - Blink                          Translocation                2
   c - Call Imp                       Summoning                    2
   d - Repel Missiles                 Charms/Air                   2
   e - Slow                           Hexes                        2
   f - Conjure Flame                  Conjuration/Fire             3
   g - Mephitic Cloud                 Conjuration/Poison/Air       3


   Skills:
 + Level 4.2 Fighting
 + Level 5.7 Dodging
 - Level 1.5 Stealth
 * Level 8.1 Unarmed Combat
 + Level 2.2 Invocations


You had 7 spell levels left.
You didn't know any spells.

Dungeon Overview and Level Annotations

Branches:
Dungeon (11/15)            Temple (1/1) D:7
   Lair: D:8-11         Orc: D:9-12

Altars:
Ashenzari
Cheibriados
Dithmenos
Elyvilon
Fedhas
Gozag
Kikubaaqudgha
Makhleb
Nemelex Xobeh
Okawaru
Qazlal
Ru
Sif Muna
Vehumet
Xom
Yredelemnul
Zin
The Shining One

Annotations:
D:4 Menkaure
D:7 Dowan, Duvessa
D:10 Grum


Innate Abilities, Weirdness & Mutations

You do not eat or drink.
Your flesh is vulnerable to fire.
You are immune to poison.
Your flesh is cold resistant.
You are immune to negative energy.
You are immune to unholy pain and torment.
You can survive without breathing.


Message History

* * * LOW HITPOINT WARNING * * *
The orc wizard closely misses you.
Unknown command.
You closely miss the orc wizard.
The orc wizard is severely wounded.
The orc wizard hits you with a dagger.
* * * LOW HITPOINT WARNING * * *
Unknown command.
Unknown command.
You punch the orc wizard!
You kill the orc wizard!
Cheibriados thoroughly appreciates the change of pace.
Unknown command.
Unknown command.
Unknown command.
You hit something. Something hits you.
* * * LOW HITPOINT WARNING * * *
Unknown command.
You punch something! Something hits you.
You die...

....e...................W..
#.####.e.####..⌠..>..⌠...###
+...........................
#.###.e.......###...###.....
+...'...........#.⌠.#.......
#..##...........#...#.......
<..##...†...................
....#<#e#######W##..........
....###.# #.@{o.........
........# #####..........
####.##.# #..............
....# #.............. .#.#
#..?........... ##+##+#'##
#..........?... .........#
#......<....... .........#
#####.......... .e.....>.#
#c......o..


You could see a phantom and an orc.

Vanquished Creatures
  A troll (D:9)
  Sigmund (D:6)
  Eustachio (D:4)
  A hungry ghost (D:7)
  A water moccasin (D:8)
  An ice beast (D:9)
  A phantom (D:6)
  An eye of draining (D:10)
  An ogre (D:5)
  A centaur (D:6)
  A gnoll sergeant (D:6)
  A giant frog (D:6)
  A giant frog zombie (D:6)
  An orc wizard (D:7)
  2 giant frog skeletons
  5 worker ants
  3 centaur skeletons
  An iguana (D:6)
  A hound skeleton (D:5)
  12 gnolls
  3 adders
  A shadow imp (D:8)
  An adder zombie (D:6)
  An adder skeleton (D:4)
  2 giant geckos
  4 orcs
  2 bats (D:1)
  A goblin (D:3)
  7 hobgoblins
  A jackal (D:10)
  4 quokkas
  A giant gecko skeleton (D:4)
  2 giant newts
  7 kobolds
  3 rats
78 creatures vanquished.

Notes
Turn   | Place    | Note
--------------------------------------------------------------
     0 | D:1      | 4thArraOfDagon the Mummy Monk began the quest for the Orb.
     0 | D:1      | Reached XP level 1. HP: 18/18 MP: 1/1
    93 | D:1      | Reached XP level 2. HP: 9/24 MP: 2/2
   240 | D:2      | Found a shattered altar of Ashenzari.
   405 | D:3      | Reached XP level 3. HP: 15/29 MP: 3/3
   485 | D:3      | Found a shadowy altar of Dithmenos.
   540 | D:4      | Noticed Eustachio
   564 | D:4      | Killed Eustachio
   564 | D:4      | Reached skill level 4 in Unarmed Combat
   564 | D:4      | Reached XP level 4. HP: 9/35 MP: 4/4
   564 | D:4      | Reached XP level 5. HP: 10/41 MP: 5/5
   695 | D:4      | Noticed Menkaure
   705 | D:4      | Found a sparkling altar of Nemelex Xobeh.
   769 | D:4      | Found a white marble altar of Elyvilon.
   842 | D:4      | Found a radiant altar of Vehumet.
   998 | D:4      | Reached skill level 5 in Unarmed Combat
  1082 | D:5      | Entered Level 5 of the Dungeon
  1128 | D:5      | Noticed an ogre
  1142 | D:5      | Killed an ogre
  1142 | D:5      | Reached XP level 6. HP: 47/47 MP: 6/6
  1293 | D:7      | Noticed a steam dragon
  1347 | D:7      | Noticed Dowan
  1349 | D:7      | Noticed Duvessa
  1409 | D:7      | Found a staircase to the Ecumenical Temple.
  1418 | Temple   | Entered the Ecumenical Temple
  1577 | D:6      | You fall through a shaft for 3 floors!
  1581 | D:8      | Noticed a water moccasin
  1604 | D:8      | Killed a water moccasin
  1634 | D:8      | Found a sacrificial altar of Ru.
  1704 | D:7      | Found a deep blue altar of Sif Muna.
  1704 | D:7      | Found an iron altar of Okawaru.
  1847 | D:8      | You fall through a shaft for 2 floors!
  1847 | D:10     | Entered Level 10 of the Dungeon
  1869 | D:10     | Reached skill level 6 in Unarmed Combat
  1869 | D:10     | Reached XP level 7. HP: 48/52 MP: 2/7
  1921 | D:10     | Noticed Grum
  2079 | D:10     | Noticed a centaur skeleton
  2081 | D:9      | Noticed a yak
  2081 | D:9      | Noticed a yak
  2081 | D:9      | Noticed a yak
  2081 | D:9      | Noticed a yak
  2082 | D:9      | Noticed a yak
  2124 | D:9      | Got a crude leather armour
  2136 | D:9      | Identified the +2 leather armour of Virtue {Str+4 Dex+3} (You found it on level 9 of the Dungeon)
  2140 | D:9      | Noticed a troll
  2178 | D:9      | Killed a troll
  2300 | D:9      | Reached skill level 7 in Unarmed Combat
  2373 | D:9      | Noticed a flying skull
  2374 | D:9      | Noticed a flying skull
  2375 | D:9      | Noticed a shadow
  2375 | D:9      | Noticed a necromancer
  2375 | D:9      | Noticed a shadow
  2494 | D:6      | Reached skill level 5 in Dodging
  2494 | D:6      | Reached XP level 8. HP: 49/58 MP: 8/8
  2605 | D:5      | Found a stormy altar of Qazlal.
  2750 | D:5      | Found a snail-covered altar of Cheibriados.
  2758 | D:5      | Became a worshipper of Cheibriados the Contemplative
  2758 | D:5      | Reached * piety under Cheibriados
  2758 | D:5      | Reached ** piety under Cheibriados
  2816 | D:6      | Noticed Sigmund
  2822 | D:6      | Killed Sigmund
  2822 | D:6      | Reached skill level 1 in Invocations
  3018 | D:6      | Reached skill level 8 in Unarmed Combat
  3132 | D:7      | Slain by an orc wizard

Vault maps used:
D:1:      ncdulo_lavacross, solitary_fountain
D:2:      first_bread, evilmike_ruin_ashenzari
D:3:      nicolae_dithmenos_shadow_blocks, overflow_temple_1_default,
          minivault_19
D:4:      kennysheep_mini, nicolae_overflow_crystal_walls, lemuel_doored_altar,
          grunt_ministairs_10, uniq_menkaure, uniq_blork_the_orc, uniq_eustachio
D:5:      lemuel_coloured_pillars_altar, nicolae_qazlal_general_emergency,
          serial_shops, shop
D:6:      roderic_lattice_a, uniq_sigmund, uniq_grinder, uniq_crazy_yiuf_cottage
D:7:      gammafunk_temple_overflow_statue, minmay_temple_entry_junction2,
          uniq_duvessa
D:8:      nicolae_ru_sacrificial_ziggurat, nicolae_overflow_hidden_temple
D:9:      hangedman_screamer, hangedman_tree_tricks
D:10:     minmay_unpleasant_kobolds, uniq_grum
D:11:     lair_0_dummy
Temple:   minmay_temple_bridge_a_8

Action                   |  1- 3 |  4- 6 |  7- 9 || total
-------------------------+-------+-------+-------++-------
Melee: Unarmed           |    87 |    81 |   224 ||   392
 Fire: Blowgun           |    16 |    17 |     9 ||    42
Throw: Stone             |     6 |       |     3 ||     9
Evoke: Wand              |     4 |     3 |    15 ||    22
  Use: Scroll            |       |     9 |     6 ||    15
 Stab: Sleeping          |     2 |     2 |     2 ||     6
       Confused          |     4 |     2 |     2 ||     8
       Paralysed         |       |       |     4 ||     4
